cohdb
Replays
Latest Replays
All Replays
Popular Replays
Top Player Replays
Match Explorer
How It Works
Community
CoH3 Stats
Reddit
Sign in to upload your games and track your stats! →
Sign in with Steam
Match 41631967
Unlisted
Match 41631967
Overview
Messages
Build Orders
End
Scout Squad
Construct Barracks
Riflemen Squad
Riflemen Squad
Riflemen Squad
Grenade Package
Construct Medical Station
Infantry Support Center
M1 Mortar Team
Construct Motor Pool
M1 Anti-tank Gun Team
M8 Greyhound Armored Car
HulkSMASH
WebsterBolek
0
0
Comments
sign in to comment!
No comments posted yet!